 Dungeon Crawl Stone Soup version 0.23.2-40-g277498a001 (webtiles) character file.

Game seed: 3744590711599715839

220 Exodus22XD the Chopper (level 5, -2/47 HPs)
             Began as a Hill Orc Fighter on Sept 6, 2019.
             Killed from afar by an orc wizard (10 damage)
             ... with a puff of frost
             ... on level 4 of the Dungeon.
             The game lasted 00:03:23 (2467 turns).

Exodus22XD the Chopper (Hill Orc Fighter)           Turns: 2467, Time: 00:03:23

Health: -2/47      AC:  7    Str: 20    XL:     5   Next: 97%
Magic:  5/5        EV:  7    Int:  8    God:
Gold:   83         SH:  9    Dex: 10    Spells: 4/4 levels left

rFire    . . .     SeeInvis .   a - +0 war axe
rCold    . . .     Gourm    .   c - +0 shield
rNeg     . . .     Faith    .   g - +0 scale mail (curse)
rPois    .         Spirit   .   (no helmet)
rElec    .         Reflect  .   (no cloak)
rCorr    .         Harm     .   (no gloves)
MR       .....                  (no boots)
Stlth    ..........             (no amulet)
HPRegen  0.15/turn              (no ring)
MPRegen  0.09/turn              (no ring)

@: no status effects
A: no striking features
a: no special abilities


You were on level 4 of the Dungeon.
You were not hungry.

You visited 1 branch of the dungeon, and saw 4 of its levels.

You collected 83 gold pieces.

Inventory:

Hand Weapons
 a - a +0 war axe (weapon)
Armour
 c - a +0 shield (worn)
 g - a cursed +0 scale mail (worn)
 i - a +2 ring mail of fire resistance
Scrolls
 e - a scroll of remove curse
 k - a scroll of random uselessness
 n - a scroll of enchant weapon {unknown}
Potions
 b - a potion of flight
 d - a potion of might
 h - a potion of curing {unknown}
 j - a potion of heal wounds {unknown}
 m - a potion of mutation {unknown}
 o - 2 potions of magic {unknown}
Comestibles
 f - 5 rations
 l - a chunk of flesh


   Skills:
 + Level 4.5 Fighting
 + Level 5.3 Axes
 + Level 4.3 Armour
 + Level 0.8 Dodging
 + Level 4.2 Shields


You had 4 spell levels left.
You didn't know any spells.
Your spell library was empty.

Dungeon Overview and Level Annotations

Branches:
Dungeon (4/15)
 Temple: D:4-7

Altars:
Dithmenos
Hepliaklqana
Makhleb
Okawaru
Qazlal
Yredelemnul

Annotations:
D:3 Sigmund


Message History

Something hits you but does no damage.
You miss something. You barely miss the orc wizard.
Something hits you but does no damage. You block something's attack.
The orc wizard mumbles some strange words.
The orc wizard blinks!
You hit something.
You hear some strange, mumbled words.
A magic dart appears from out of thin air!
The magic dart hits you!
* * * LOW HITPOINT WARNING * * *
Something hits you but does no damage.
You closely miss something. Something hits you.
* * * LOW HITPOINT WARNING * * *
The orc wizard casts a spell.
The orc wizard blinks!
You block something's attack.
You miss something. You block something's attack.
You hear some strange, mumbled words.
A puff of frost appears from out of thin air!
The puff of frost hits you!
You die...

. ### ... [.#
.#..o###### #.#
...lFs{@..# #.#
.#..#####)# #.#
#.#####.########
#..).....# .....
#######..##.....
#####.......#.♣
.........###....
#######...##.♣.♣
#..#.#....


You could see a bullfrog, a scorpion, an orc wizard and a leopard gecko.

Vanquished Creatures
  A hound (D:4)
  Jessica (D:2)
  2 orc wizards (D:4)
  3 gnolls (D:2)
  2 adders (D:4)
  A shadow imp (D:2)
  2 worms (D:2)
  A leopard gecko (D:2)
  3 orcs (D:4)
  5 giant cockroaches (D:1)
  4 goblins
  5 hobgoblins
  4 kobolds
  2 ball pythons
  9 bats
  4 frilled lizards
  6 rats
55 creatures vanquished.

Notes
Turn   | Place    | Note
-------+----------+-------------------------------------------
     0 | D:1      | Exodus22XD the Hill Orc Fighter began the quest for the
                  | Orb.
     0 | D:1      | Reached XP level 1. HP: 19/19 MP: 1/1
    67 | D:1      | Reached XP level 2. HP: 27/27 MP: 2/2
   177 | D:1      | Reached skill level 3 in Axes
   461 | D:1      | Reached XP level 3. HP: 32/33 MP: 3/3
   500 | D:2      | Found a hazy altar of Hepliaklqana.
   526 | D:2      | Found a shadowy altar of Dithmenos.
   526 | D:2      | Found a burning altar of Makhleb.
   854 | D:2      | Noticed Jessica
   860 | D:2      | Killed Jessica
   860 | D:2      | Reached skill level 4 in Axes
   860 | D:2      | Reached XP level 4. HP: 39/40 MP: 4/4
  1096 | D:2      | Found a stormy altar of Qazlal.
  2007 | D:3      | Noticed Sigmund
  2030 | D:3      | HP: 2/40 [something (11)]
  2366 | D:4      | Reached XP level 5. HP: 44/46 MP: 5/5
  2413 | D:4      | Found an iron altar of Okawaru.
  2441 | D:4      | Reached skill level 5 in Axes
  2442 | D:4      | Found a basalt altar of Yredelemnul.
  2467 | D:4      | Killed from afar by an orc wizard

Skill      XL: |  1  2  3  4  5 |
---------------+----------------+-----
Axes           | 3 4 5 |  5.3
Fighting       | 4 |  4.5
Shields        | 4 |  4.2
Armour         | 4 |  4.3
Dodging        | |  0.8

Action                   |  1- 3 |  4- 6 || total
-------------------------+-------+-------++-------
Melee: War axe           |    94 |   110 ||   204
  Use: Scroll            |       |     4 ||     4
  Eat: Chunk             |       |     5 ||     5
Armor: Scale mail        |    33 |    37 ||    70
Dodge: Dodged            |    32 |    38 ||    70
Block: Shield            |    59 |    49 ||   108
